Map: Hard Lead LE

Players

OSKARIN

  • Race: Terran Terran
  • League: Platinum
  • Spawn Location: 5:00

Subwayeatn - Winner!

  • Race: Zerg Zerg
  • League: Platinum
  • Spawn Location: 11:00

VOD

Have the link to the VOD?

Description

Time

  • Played on: Oct. 24, 2023, 5:05 p.m.
  • Length: 14:22
Show
View Real Time Build Order
Export as new Build Order

OSKARIN Terran 

Build Orders:  

Get SALT Encoding   

  12  0:03  SCV  
  13  0:18  Supply Depot  
  13  0:19  SCV  
  14  0:31  SCV  
  15  0:43  Barracks  
  15  0:50  Barracks  
  15  0:51  SCV  
  16  0:59  Refinery  
  16  1:05  SCV  
  17  1:15  Barracks  
  17  1:23  SCV  
  18  1:32  Marine  
  18  1:35  SCV  
  20  1:43  Marine  
  20  1:45  Supply Depot  
  21  1:57  Orbital Command  
  21  2:05  Barracks Tech Lab  
  21  2:09  Barracks Reactor  
  20  2:22  Marine  
  21  2:25  Refinery  
  21  2:34  Factory, SCV  
  22  2:46  SCV  
  22  2:50  Supply Depot  
  23  2:54  Barracks Reactor  
  23  3:11  SCV, Marine x3  
  27  3:15  Supply Depot  
  27  3:20  Factory Tech Lab  
  27  3:23  SCV  
  28  3:27  Stimpack  
  28  3:29  Marine  
  29  3:35  SCV  
  30  3:47  SCV  
  25  3:57  Marine  
  25  3:58  Marine  
  25  3:59  Marine  
  25  4:01  Siege Tank  
  31  4:08  Command Center  
  31  4:16  Marine x2  
  33  4:21  SCV  
  34  4:33  SCV  
  34  4:37  Bunker  
  35  4:39  Marine x3  
  36  5:02  Siege Tank  
  39  5:13  Starport  
  39  5:26  Marine  
  39  5:27  Marine  
  38  5:45  Marine x2  
  40  5:54  Medivac  
  42  6:01  SCV  
  42  6:02  SCV  
  44  6:11  Siege Tank  
  47  6:14  Command Center, SCV x2  
  49  6:24  Bunker  
  49  6:26  SCV x2  
  49  6:28  Combat Shield  
  49  6:30  Starport Reactor  
  51  6:38  SCV x2  
  51  6:39  Factory  
  53  6:50  SCV  
  53  6:53  SCV  
  53  6:56  Siege Tank  
  53  7:01  Marine  
  53  7:07  Supply Depot  
  54  7:26  SCV x2, Marine x5  
  61  7:38  SCV x2  
  61  7:43  Marine x5  
  64  8:01  Marine x5  
  68  8:07  Medivac  
  61  8:19  Marine x5  
  61  8:29  SCV x3  
  64  8:37  Marine x3  
  64  8:41  SCV x2  
  69  8:43  Viking x2  
  69  8:48  Orbital Command  
  73  8:53  SCV x2  
  73  8:55  Refinery  
  75  9:13  Viking  
  67  9:24  Marine x2  
  67  9:26  Orbital Command, Siege Tank, SCV x2  
  74  9:38  SCV  
  74  9:39  SCV  
  74  9:44  Factory Tech Lab  
  76  9:51  SCV  
  77  9:59  Supply Depot  
  83  10:21  Siege Tank, SCV x3  
  83  10:33  SCV x2  
  85  10:54  Marine x3  
  85  11:04  Refinery  
  85  11:20  Marine  
  85  11:33  Engineering Bay  
  85  11:41  Engineering Bay x2  
  85  12:02  Refinery  
  85  12:20  Starport Reactor  
  85  12:22  Factory Tech Lab  
  85  12:31  Hi-Sec Auto Tracking  
  85  12:32  Missile Turret  
  85  12:37  Command Center  
  85  12:40  Missile Turret  
  85  12:44  Orbital Command  
  85  12:49  Refinery  
  85  12:53  Armory  
  85  12:55  Missile Turret  
  85  12:58  Supply Depot  
  85  13:07  SCV, Marine x2  
  85  13:10  Siege Tank  
  85  13:19  Marine  
  85  13:20  SCV x2, Marine  
  85  13:25  Marine  
  90  13:32  SCV x2  
  92  13:37  Marine  
  92  13:41  Marine  
  92  13:44  SCV x2  
  85  13:54  Marine x2  
  85  13:55  Marine  
  87  13:56  SCV x2  
  87  13:59  Marine  
  95  14:06  Missile Turret x2  
  95  14:08  SCV  
Show
View Real Time Build Order
Export as new Build Order

Subwayeatn Zerg - Winner!

Build Orders: Pool First, Zergling Baneling 

Get SALT Encoding   

  12  0:18  Spawning Pool  
  11  0:22  Drone  
  11  0:27  Drone  
  13  0:31  Drone  
  14  0:40  Overlord  
  14  1:02  Drone  
  14  1:03  Drone  
  16  1:06  Zergling x2  
  17  1:19  Hatchery  
  17  1:20  Zergling x2  
  17  1:27  Zergling x2  
  18  1:33  Queen  
  18  1:38  Drone  
  21  1:40  Extractor  
  20  1:48  Drone  
  21  2:01  Overlord  
  21  2:18  Drone  
  22  2:27  Baneling Nest  
  21  2:36  Queen  
  23  2:41  Overlord  
  23  2:43  Drone x3  
  23  2:44  Drone  
  27  3:06  Drone x6  
  33  3:23  Zergling x2  
  33  3:24  Zergling x8  
  38  3:31  Baneling x5  
  38  3:39  Zergling x6  
  38  4:01  Zergling x2  
  38  4:02  Zergling x10  
  44  4:05  Baneling x5  
  44  4:07  Baneling  
  44  4:10  Hatchery  
  44  4:15  Extractor, Overlord  
  42  4:26  Drone x2  
  44  4:31  Overlord  
  42  5:05  Lair  
  42  5:09  Drone x13  
  55  5:15  Metabolic Boost  
  55  5:20  Overlord  
  55  5:32  Burrow  
  55  5:33  Queen  
  53  6:13  Zergling x6  
  53  6:14  Zergling x14  
  53  6:15  Extractor  
  53  6:17  Extractor  
  61  6:23  Centrifugal Hooks  
  61  6:26  Overlord  
  61  6:39  Drone x5  
  70  6:40  Drone x8  
  70  6:43  Queen  
  76  6:50  Baneling x5  
  76  6:51  Baneling  
  69  7:01  Zergling x2  
  69  7:02  Zergling x12  
  75  7:08  Baneling x3  
  75  7:09  Baneling x2  
  75  7:16  Pneumatized Carapace  
  75  7:19  Queen  
  77  7:26  Zergling x10  
  82  7:34  Spire  
  69  8:02  Zergling x2  
  69  8:03  Zergling x20  
  70  8:21  Baneling x2  
  70  8:22  Baneling x7  
  69  8:28  Zergling x10, Extractor  
  69  8:29  Extractor  
  72  8:39  Drone x2  
  74  8:50  Evolution Chamber  
  74  8:52  Evolution Chamber  
  68  9:18  Overlord x2  
  68  9:19  Overlord x4  
  68  9:36  Mutalisk  
  68  9:37  Mutalisk x5  
  80  9:41  Overlord  
  80  9:44  Zerg Flyer Armor Level 1, Hatchery  
  79  9:53  Baneling x5  
  79  9:54  Zergling x2, Baneling  
  79  9:55  Zergling x10  
  79  9:58  Overseer  
  79  9:59  Queen  
  87  10:11  Mutalisk  
  89  10:18  Extractor  
  89  10:20  Hatchery  
  89  10:21  Extractor  
  80  10:41  Zergling x2  
  80  10:42  Zergling x16  
  87  10:44  Baneling x2  
  87  10:45  Mutalisk x2, Baneling x4  
  91  11:05  Mutalisk x2  
  94  11:26  Drone x2  
  94  11:27  Drone x6  
  94  11:28  Drone  
  103  11:33  Mutalisk x3  
  103  11:38  Zergling x2  
  110  11:41  Zergling x2  
  110  11:42  Queen  
  110  11:46  Zerg Flyer Armor Level 2  
  113  11:54  Spore Crawler  
  113  11:56  Zerg Melee Weapons Level 1  
  113  11:58  Zerg Ground Armor Level 1  
  112  12:19  Zergling x4  
  112  12:20  Zergling x12  
  120  12:27  Mutalisk x4  
  128  12:34  Overlord x4  
  128  12:35  Overlord x2  
  128  12:48  Overlord x2  
  128  12:52  Queen  
  128  13:15  Mutalisk  
  128  13:16  Mutalisk x4  
  128  13:18  Zergling x2  
  128  13:19  Zergling x20  
  145  13:30  Mutalisk x4  
  150  13:41  Baneling x6  
  149  13:42  Zergling x6, Baneling x2  
  149  13:43  Zergling x2  
  149  13:44  Queen  
  144  14:10  Extractor  
Tags
 
Matchup
TvZ
Opening
Pool First
Replay Pack
Multiplayer
Spawn Locations
Cross Positions
Add a new tag
Caveats
  • Supply blocks, unpowered buildings, or Contaminate may cause inaccurate times.
  • Supply counts are checked every 10 seconds.